 Dungeon Crawl Stone Soup version 0.26-a0-1086-g9010512d90 (webtiles) character file.

Game seed: 17321943806963432490

23492 robertstho the Frost Mage (level 13, -9/98 HPs)
             Began as a Gnoll Ice Elementalist on Dec 14, 2020.
             Was an Elder of Sif Muna.
             Mangled by a minotaur
             ... wielding a +2 dagger of venom
              (12 damage)
             ... in a Gauntlet.
             The game lasted 00:35:02 (15631 turns).

robertstho the Frost Mage (Gnoll Ice Elementalist) Turns: 15631, Time: 00:35:03

Health: -9/98      AC: 12    Str: 11    XL:     13   Next: 7%
Magic:  24/26      EV: 19    Int: 27    God:    Sif Muna [****..]
Gold:   674        SH:  0    Dex: 16    Spells: 15/30 levels left

rFire    . . .     SeeInvis .   J - +6 quarterstaff of Distraction {spect, +Blink Int+5}
rCold    . . .     Faith    .   (shield currently unavailable)
rNeg     . . .     Spirit   .   G - +0 steam dragon scales
rPois    .         Reflect  .   (no helmet)
rElec    .         Harm     .   y - +0 cloak
rCorr    .         Rampage  .   q - +0 pair of gloves
Will     .....     NoTele   +   p - +2 pair of boots
Stlth    ++++......             I - amulet of the acrobat
HPRegen  0.26/turn              N - +4 ring of slaying
MPRegen  0.20/turn              (no ring)

@: lethally poisoned (-9 -> -16), frozen ramparts
A: distributed training, fangs 1, strong nose
a: Channel Magic, Forget Spell, Divine Exegesis, Renounce Religion, Evoke Blink


You were in a Gauntlet.
You worshipped Sif Muna.
Sif Muna was greatly pleased with you.
You visited 2 branches of the dungeon, and saw 14 of its levels.
You also visited: Gauntlet.

You collected 739 gold pieces.
You spent 65 gold pieces at shops.

Inventory:

Hand Weapons
 u - a +0 great sword of venom
 D - the +7 dagger "Niocish" {holy, rN+}
   (You found it on level 7 of the Dungeon)

   It has been blessed by the Shining One to cause great damage to the undead
   and demons.
   It protects you from negative energy.
 J - the +6 quarterstaff of Distraction (weapon) {spect, +Blink Int+5}
   (You found it on level 8 of the Dungeon)

   It retains the spirit of the tree from which it was made.
   In the hands of one skilled in evocations this spirit is drawn out to fight
   along side the wielder.
   It affects your intelligence (+5).
   It lets you blink.
 M - the +8 flail of the Swamp {venom, Str+2}
   (You found it on level 9 of the Dungeon)

   It poisons the flesh of those it strikes.
   It affects your strength (+2).
Missiles
 a - 4 javelins
 f - 6 atropa-tipped darts
 i - 11 boomerangs
 r - 142 bolts
 t - 320 arrows
 B - 6 curare-tipped darts
 L - 6 throwing nets
 Z - 14 silver boomerangs
Armour
 p - a +2 pair of boots (worn)
 q - a +0 pair of gloves (worn)
 y - a +0 cloak (worn)
 G - +0 steam dragon scales (worn)
Jewellery
 I - an amulet of the acrobat (around neck)
 N - a +4 ring of slaying (left hand)
 W - a cursed amulet of inaccuracy {unknown}
Wands
 z - a wand of random effects (32)
 C - a wand of iceblast (26)
 K - a wand of enslavement (14)
 S - a wand of flame (34)
Scrolls
 c - 2 scrolls of enchant armour
 d - a scroll of magic mapping
 e - a scroll of fog {unknown}
 g - a scroll of torment {unknown}
 h - 2 scrolls of blinking {unknown}
 k - 3 scrolls of enchant weapon {unknown}
 m - 6 scrolls of remove curse
 s - 11 scrolls of teleportation
 w - a scroll of immolation
 x - a scroll of holy word {unknown}
 A - 2 scrolls of fear
 F - a scroll of summoning {unknown}
 Q - 2 scrolls of random uselessness {unknown}
 R - a scroll of silence {unknown}
Potions
 l - a potion of mutation {unknown}
 n - 3 potions of flight
 o - 2 potions of cancellation
 E - a potion of haste
 H - a potion of attraction {unknown}
 P - a potion of might
 T - a potion of resistance {unknown}
 U - a potion of heal wounds {unknown}
 V - a potion of brilliance
 X - 2 potions of ambrosia
 Y - a potion of invisibility {unknown}
Miscellaneous
 b - a condenser vane


   Skills:
 + Level 7.9 Fighting
 + Level 7.9 Short Blades
 + Level 7.9 Long Blades
 + Level 7.9 Axes
 + Level 7.9 Maces & Flails
 + Level 7.9 Polearms
 + Level 7.9 Staves
 + Level 7.9 Slings
 + Level 7.9 Bows
 + Level 7.9 Crossbows
 + Level 7.9 Throwing
 + Level 7.9 Armour
 + Level 9.2 Dodging
 + Level 9.0 Stealth
 + Level 7.9 Shields
 + Level 7.9 Unarmed Combat
 + Level 9.4 Spellcasting
 + Level 6.6 Conjurations
 + Level 6.6 Hexes
 + Level 6.6 Summonings
 + Level 6.6 Necromancy
 + Level 6.6 Translocations
 + Level 6.6 Transmutations
 + Level 6.6 Fire Magic
 + Level 9.7 Ice Magic
 + Level 6.6 Air Magic
 + Level 6.6 Earth Magic
 + Level 6.6 Poison Magic
 + Level 8.7 Invocations
 + Level 7.9 Evocations


You had 15 spell levels left.
You knew the following spells:

 Your Spells              Type           Power        Failure   Level
a - Freeze                Ice            ####         1%          1
b - Frozen Ramparts       Ice            ######       1%          3
c - Ozocubu's Armour      Ice            ######..     1%          3
d - Hailstorm             Conj/Ice       ######..     1%          4
e - Summon Ice Beast      Ice/Summ       ######..     1%          4

Your spell library contained the following spells:

 Spells                   Type           Power        Failure   Level
 Beastly Appendage        Tmut           #####.       1%          1
 Wereblood                Tmut           #####...     1%          2
 Confusing Touch          Hex            #####...     1%          3
 Spider Form              Tmut/Pois      #####.....   1%          3
 Summon Guardian Golem    Hex/Summ       #####...     1%          3
 Ice Form                 Ice/Tmut       ######..     1%          4
 Blade Hands              Tmut           #####.....   9%          5
 Invisibility             Hex            #####...     43%         6
 Discord                  Hex            #####.....   100%        8


Dungeon Overview and Level Annotations

Branches:
Dungeon (13/15)            Temple (1/1) D:7            Lair (0/6) D:8
    Orc (0/2) D:9         Gauntlet (1/1)
 Vaults: D:13-14

Altars:
Ashenzari
Cheibriados
Dithmenos
Elyvilon
Fedhas
Gozag
Makhleb
Nemelex Xobeh
Okawaru
Qazlal
Ru
Sif Muna
Trog
Uskayaw
Wu Jian
Xom
Yredelemnul
The Shining One

Shops:
D:5 *   D:8 :

Annotations:
D:6 3 runed translucent doors, Morp's ghost, novice HaHu Gauntlet 16 runed translucent doors, 4 transporters


Innate Abilities, Weirdness & Mutations

Your experience applies equally to all skills.
You have very sharp teeth.
Your uncanny sense of smell can sniff out nearby items.


Message History

Your spectral weapon hits the minotaur but does no damage.
The wall freezes the minotaur.
The minotaur misses you.
The minotaur gores you but does no damage.
Unknown command.
You sock the minotaur!
You bite the minotaur, but do no damage.
The minotaur is almost dead.
You feel sick.
Your spectral weapon hits the minotaur but does no damage.
The wall freezes the minotaur.
The minotaur hits you with a +2 dagger of venom!!
* * * LOW HITPOINT WARNING * * *
The minotaur gores you!
* * * LOW HITPOINT WARNING * * *
You feel better.
The wall freezes the minotaur.
The minotaur hits you with a +2 dagger of venom!
* * * LOW HITPOINT WARNING * * *
You are lethally poisoned!
The minotaur gores you!
You die...

.. ### #. #(#
#.##H# ..#@# .
#.#.# .#
###.##.#'###.##.
#...............
.##.##.##.##.##
.##.##.##.##.##
#...............
##.##.##.##.##.#
###.##.##.##.##.###


You could see a minotaur and a friendly +6 quarterstaff of Distraction {spect,
+Blink Int+5} (summoned).

Vanquished Creatures
  Harold (D:10)
  A boulder beetle (D:11)
  2 two-headed ogres
  A tengu warrior (D:13)
  2 slime creatures (D:13)
  An unseen horror (D:13)
  A wizard (Gauntlet)
  3 manticores
  A cyclops (D:12)
  2 ugly things
  An ice statue (Gauntlet)
  2 centaur zombies
  An elephant (D:8)
  A torpor snail (Gauntlet)
  A smoke demon (D:12)
  A gargoyle (D:10)
  Maggie (D:7)
  2 rime drakes (Gauntlet)
  6 trolls
  A hornet (D:5)
  A meliai zombie (D:10)
  Grinder (D:6)
  2 wraiths (D:8)
  A ynoxinul (Gauntlet)
  24 yaks
  2 basilisks (D:8)
  2 steam dragons (D:6)
  A warg (D:9)
  A soldier ant (D:12)
  6 orc warriors
  3 sky beasts
  2 ice beasts
  2 necrophages
  4 ogres
  3 phantoms
  4 black bears
  9 centaurs
  3 big kobolds
  10 bullfrogs
  Blork the orc (D:6)
  2 scorpions
  A water moccasin skeleton (D:10)
  4 killer bees (D:13)
  4 howler monkeys
  5 bullfrog zombies
  4 jellies
  4 quasits
  10 hounds
  6 orc priests
  Crazy Yiuf (D:3)
  3 iron imps (Gauntlet)
  A bullfrog skeleton (D:10)
  3 centaur skeletons
  Natasha (thrice) (D:3)
  4 iguanas
  9 orc wizards
  4 worker ants
  4 hound skeletons
  11 adders
  A river rat (D:5)
  2 shadow imps
  3 white imps
  4 ufetubi
  2 oozes (D:4)
  3 worms
  3 adder skeletons (D:2)
  An adder zombie (D:2)
  5 dart slugs
  12 leopard geckos
  34 orcs
  4 ball pythons (D:5)
  8 bats
  6 giant cockroaches
  12 goblins
  11 hobgoblins
  7 jackals
  7 quokkas
  5 frilled lizards
  A giant cockroach zombie (D:2)
  23 kobolds
  2 quokka skeletons
  8 rats
361 creatures vanquished.

Vanquished Creatures (collateral kills)
  The ghost of ThatOtherGuy53 the Covert, a novice OpWn of Ru (D:8)
  A wraith (D:8)
2 creatures vanquished.

Vanquished Creatures (others)
  An orc wizard (D:11)
  2 bushes (D:6)
  2 fungi
  14 plants
19 creatures vanquished.

Grand Total: 382 creatures vanquished

Notes
Turn   | Place    | Note
-------+----------+-------------------------------------------
     0 | D:1      | robertstho the Gnoll Ice Elementalist began the quest for
                  | the Orb.
     0 | D:1      | Reached XP level 1. HP: 13/13 MP: 6/6
   245 | D:1      | Reached XP level 2. HP: 12/20 MP: 7/7
   910 | D:1      | Reached XP level 3. HP: 25/25 MP: 9/9
   988 | D:1      | Reached skill level 5 in Spellcasting
  1352 | D:2      | Reached skill level 1 in Invocations
  1399 | D:2      | Learned a level 3 spell: Frozen Ramparts
  1403 | D:2      | Learned a level 3 spell: Ozocubu's Armour
  1432 | D:2      | HP: 1/25 [poisoned by an orc]
  1645 | D:2      | Reached skill level 1 in Fighting
  1645 | D:2      | Reached skill level 1 in Short Blades
  1645 | D:2      | Reached skill level 1 in Long Blades
  1645 | D:2      | Reached skill level 1 in Axes
  1645 | D:2      | Reached skill level 1 in Maces & Flails
  1645 | D:2      | Reached skill level 1 in Polearms
  1645 | D:2      | Reached skill level 1 in Staves
  1645 | D:2      | Reached skill level 1 in Slings
  1645 | D:2      | Reached skill level 1 in Bows
  1645 | D:2      | Reached skill level 1 in Crossbows
  1645 | D:2      | Reached skill level 1 in Throwing
  1645 | D:2      | Reached skill level 1 in Armour
  1645 | D:2      | Reached skill level 1 in Shields
  1645 | D:2      | Reached skill level 1 in Unarmed Combat
  1645 | D:2      | Reached skill level 1 in Evocations
  1793 | D:2      | Reached XP level 4. HP: 32/32 MP: 9/11
  2249 | D:2      | Reached skill level 1 in Conjurations
  2249 | D:2      | Reached skill level 1 in Hexes
  2249 | D:2      | Reached skill level 1 in Summonings
  2249 | D:2      | Reached skill level 1 in Necromancy
  2249 | D:2      | Reached skill level 1 in Translocations
  2249 | D:2      | Reached skill level 1 in Transmutations
  2249 | D:2      | Reached skill level 1 in Fire Magic
  2249 | D:2      | Reached skill level 1 in Air Magic
  2249 | D:2      | Reached skill level 1 in Earth Magic
  2249 | D:2      | Reached skill level 1 in Poison Magic
  2708 | D:3      | Found a burning altar of Makhleb.
  2708 | D:3      | Found a broken altar of Ashenzari.
  2713 | D:3      | Found a basalt altar of Yredelemnul.
  2713 | D:3      | Found an opulent altar of Gozag.
  2790 | D:3      | Reached XP level 5. HP: 37/37 MP: 12/12
  3030 | D:3      | Noticed Natasha
  3037 | D:3      | Killed Natasha
  3135 | D:3      | Found a runed translucent door.
  3136 | D:3      | Noticed Crazy Yiuf
  3148 | D:3      | Noticed Natasha
  3155 | D:3      | Killed Natasha
  3250 | D:3      | Noticed Natasha
  3256 | D:3      | Killed Natasha
  3331 | D:3      | Killed Crazy Yiuf
  3332 | D:3      | Reached XP level 6. HP: 36/44 MP: 9/13
  3510 | D:4      | Reached skill level 5 in Dodging
  3600 | D:4      | Found a shimmering altar of Xom.
  4563 | D:5      | Entered Level 5 of the Dungeon
  4607 | D:5      | Noticed an ice beast
  4642 | D:5      | HP: 1/44 [ice beast (10)]
  4647 | D:5      | Killed an ice beast
  4648 | D:5      | Reached XP level 7. HP: 8/50 MP: 15/15
  4768 | D:5      | Learned a level 4 spell: Hailstorm
  4773 | D:5      | Learned a level 4 spell: Summon Ice Beast
  4909 | D:5      | Found a blossoming altar of Fedhas.
  5231 | D:5      | Found a sacrificial altar of Ru.
  5356 | D:5      | Found an ornate altar of the Wu Jian Council.
  5451 | D:5      | Identified Sif Muna's Catalogue of Bewitchment
  5453 | D:5      | Noticed a hornet
  5461 | D:5      | Killed a hornet
  5462 | D:5      | Reached skill level 5 in Stealth
  5489 | D:5      | Found an iron altar of Okawaru.
  5541 | D:5      | Reached XP level 8. HP: 55/57 MP: 16/16
  5611 | D:5      | Found Pokixu's General Store.
  5622 | D:5      | Bought a scroll of identify for 26 gold pieces
  5622 | D:5      | Bought a scroll of teleportation for 39 gold pieces
  5775 | D:5      | Found a white marble altar of Elyvilon.
  6285 | D:6      | Noticed a +0 dagger
  6285 | D:6      | Noticed a +0 dagger
  6287 | D:6      | Found a hide-covered altar of Uskayaw.
  6482 | D:6      | Found a runed translucent gate.
  6482 | D:6      | Found a runed translucent gate.
  6482 | D:6      | Found a runed translucent gate.
  6482 | D:6      | Noticed Morp's ghost (novice HaHu)
  6836 | D:6      | Noticed Grinder
  6849 | D:6      | Killed Grinder
  6850 | D:6      | Reached XP level 9. HP: 51/65 MP: 18/18
  6928 | D:6      | Found an opulent altar of Gozag.
  7046 | D:6      | Noticed Blork the orc
  7055 | D:6      | Killed Blork the orc
  7192 | D:6      | Found a shadowy altar of Dithmenos.
  7295 | D:6      | Found a bloodstained altar of Trog.
  7924 | D:7      | Found a staircase to the Ecumenical Temple.
  7950 | D:7      | Reached skill level 5 in Invocations
  7968 | D:7      | Got a scorched dagger
  7983 | Temple   | Entered the Ecumenical Temple
  7990 | Temple   | Became a worshipper of Sif Muna the Loreminder
  7999 | D:7      | Identified the +7 dagger "Niocish" {holy, rN+} (You found
                  | it on level 7 of the Dungeon)
  8346 | D:7      | Noticed Maggie
  8352 | D:7      | Killed Maggie
  8480 | D:7      | Reached XP level 10. HP: 70/73 MP: 20/20
  8861 | D:8      | Found Omepn's Book Shop.
  9109 | D:8      | Reached skill level 5 in Fighting
  9109 | D:8      | Reached skill level 5 in Short Blades
  9109 | D:8      | Reached skill level 5 in Long Blades
  9109 | D:8      | Reached skill level 5 in Axes
  9109 | D:8      | Reached skill level 5 in Maces & Flails
  9109 | D:8      | Reached skill level 5 in Polearms
  9109 | D:8      | Reached skill level 5 in Staves
  9109 | D:8      | Reached skill level 5 in Slings
  9109 | D:8      | Reached skill level 5 in Bows
  9109 | D:8      | Reached skill level 5 in Crossbows
  9109 | D:8      | Reached skill level 5 in Throwing
  9109 | D:8      | Reached skill level 5 in Armour
  9109 | D:8      | Reached skill level 5 in Shields
  9109 | D:8      | Reached skill level 5 in Unarmed Combat
  9109 | D:8      | Reached skill level 5 in Evocations
  9231 | D:8      | Found a runed translucent gate.
  9232 | D:8      | Found a runed translucent gate.
  9233 | D:8      | Found a runed translucent gate.
  9236 | D:8      | Noticed ThatOtherGuy53's ghost (novice OpWn)
  9244 | D:8      | Found a staircase to the Lair.
  9244 | D:8      | Noticed an elephant
  9267 | D:8      | Killed an elephant
  9546 | D:8      | Killed ThatOtherGuy53's ghost
  9813 | D:8      | Got a dazzling quarterstaff
  9814 | D:8      | Identified the +6 quarterstaff of Distraction {spect,
                  | +Blink Int+5} (You found it on level 8 of the Dungeon)
  9836 | D:9      | Got a masterwork flail
  9927 | D:9      | Reached * piety under Sif Muna
 10022 | D:9      | Found a staircase to the Orcish Mines.
 10082 | D:9      | Found a sparkling altar of Nemelex Xobeh.
 10083 | D:9      | Found a stormy altar of Qazlal.
 10490 | D:9      | Noticed a two-headed ogre
 10502 | D:9      | Killed a two-headed ogre
 10503 | D:9      | Reached XP level 11. HP: 73/81 MP: 19/22
 10679 | D:10     | Entered Level 10 of the Dungeon
 10805 | D:10     | Reached skill level 5 in Conjurations
 10805 | D:10     | Reached skill level 5 in Hexes
 10805 | D:10     | Reached skill level 5 in Summonings
 10805 | D:10     | Reached skill level 5 in Necromancy
 10805 | D:10     | Reached skill level 5 in Translocations
 10805 | D:10     | Reached skill level 5 in Transmutations
 10805 | D:10     | Reached skill level 5 in Fire Magic
 10805 | D:10     | Reached skill level 5 in Air Magic
 10805 | D:10     | Reached skill level 5 in Earth Magic
 10805 | D:10     | Reached skill level 5 in Poison Magic
 11046 | D:10     | Noticed Harold
 11054 | D:10     | Killed Harold
 11196 | D:10     | Identified the +5 trident "Bukem" {protect, Fragile Str+7
                  | Stlth+}
 11212 | D:10     | Reached ** piety under Sif Muna
 11942 | D:11     | Noticed a boulder beetle
 11954 | D:11     | Killed a boulder beetle
 12668 | D:11     | Noticed a green ugly thing
 12672 | D:11     | Reached XP level 12. HP: 89/89 MP: 16/24
 13256 | D:12     | Reached *** piety under Sif Muna
 13588 | D:12     | Noticed a two-headed ogre
 13602 | D:12     | Killed a two-headed ogre
 14549 | D:13     | Noticed a tengu warrior
 14560 | D:13     | Killed a tengu warrior
 14579 | D:13     | Reached **** piety under Sif Muna
 14612 | D:13     | Found a gate leading to a gauntlet.
 14616 | Gauntlet | Entered a Gauntlet
 14616 | Gauntlet | Found a large runed translucent door.
 14616 | Gauntlet | Found a large runed translucent door.
 14616 | Gauntlet | Found a large runed translucent door.
 14616 | Gauntlet | Found a large runed translucent door.
 14616 | Gauntlet | Found a runed translucent door.
 14616 | Gauntlet | Found a large runed translucent door.
 14616 | Gauntlet | Found a large runed translucent door.
 14616 | Gauntlet | Found a transporter.
 14616 | Gauntlet | Found a transporter.
 14616 | Gauntlet | Found a large runed translucent door.
 14616 | Gauntlet | Found a large runed translucent door.
 14616 | Gauntlet | Found a runed translucent gate.
 14616 | Gauntlet | Found a runed translucent gate.
 14616 | Gauntlet | Found a transporter.
 14629 | Gauntlet | Noticed a death yak
 14638 | Gauntlet | Identified the amulet of the Catfish {rC+ Regen+ Str+2}
 14649 | Gauntlet | Noticed a death yak
 14654 | Gauntlet | Noticed a death yak
 14655 | Gauntlet | Noticed a death yak
 14658 | Gauntlet | Noticed a death yak
 14660 | Gauntlet | Noticed a death yak
 14833 | Gauntlet | Found a transporter.
 14836 | Gauntlet | Found a transporter.
 14837 | Gauntlet | Found a runed translucent gate.
 14837 | Gauntlet | Found a runed translucent door.
 14840 | Gauntlet | Noticed a blizzard demon
 14841 | Gauntlet | Found a large runed translucent door.
 14841 | Gauntlet | Found a large runed translucent door.
 14846 | Gauntlet | Found a transporter.
 14860 | Gauntlet | Found a transporter.
 14868 | Gauntlet | Found a transporter.
 14885 | Gauntlet | Found a transporter.
 14893 | Gauntlet | Found a transporter.
 14911 | Gauntlet | Found a transporter.
 14915 | Gauntlet | Found a large runed translucent door.
 14915 | Gauntlet | Found a large runed translucent door.
 14916 | Gauntlet | Found a large runed translucent door.
 14916 | Gauntlet | Found a large runed translucent door.
 14917 | Gauntlet | Found a large runed translucent door.
 14917 | Gauntlet | Found a large runed translucent door.
 14966 | Gauntlet | Found a transporter.
 15065 | Gauntlet | Identified the +8 flail of the Swamp {venom, Str+2} (You
                  | found it on level 9 of the Dungeon)
 15123 | Gauntlet | Reached XP level 13. HP: 88/98 MP: 23/26
 15620 | Gauntlet | Identified the +5 plate armour of Onoag {+Blink Will++
                  | Dex+3}
 15620 | Gauntlet | Noticed a minotaur
 15630 | Gauntlet | HP: 3/98 [minotaur/+2 dagger of venom (14)]
 15631 | Gauntlet | Mangled by a minotaur

Illustrated notes

Levels and vault maps discovered:
D:1:      dpeg_arrival_signposts, layout_loops_ring
D:2:      layout_rooms, serial_undead, serial_undead_a, serial_undead_a,
          serial_undead_a, serial_undead_d, minmay_split_cup_small
D:3:      layout_basic, grunt_temple_overflow_open, minmay_between,
          uniq_natasha, uniq_crazy_yiuf_cottage
D:4:      layout_layer_cave, xom_butterflies, hangedman_decor_lopped
D:5:      layout_loops_cross, kennysheep_little_box, general_overflow_altar,
          fedhas_ov_isle_minmay, kennysheep_mini_moat, portal_sewer_entry_b,
          serial_shops, shop_fountains, okawaru_gym_becter
D:6:      cheibrodos_steamvent, layout_cave_pods, dancing_weapons_uskayaw,
          trog_ov_bears_minmay, gammafunk_ghost_split, basic_altar,
          grunt_dithmenos_smoke, uniq_blork_the_orc, uniq_grinder
D:7:      layout_basic, minmay_temple_entry_offerings, serial_co_window_serial,
          co_window_paths_a, co_window_paths_a, co_window_paths_a,
          co_window_of_opportunity_a, co_window_paths_a, co_window_paths_a,
          co_window_of_opportunity_a, co_window_of_opportunity_b,
          co_window_broadway_c, co_window_corner_ca, co_window_corner_ca,
          co_window_of_opportunity_c, co_window_paths_d, glass_columns_a,
          glass_columns_a, chequers_serial_rivers_small_b, uniq_maggie
D:8:      layout_rooms, david_lair_generic, serial_shops,
          nicolae_shop_temple_entry_statues_fountains, serial_curves,
          eino_curves_03, eino_curves_01, eino_curves_03,
          gammafunk_ghost_spectres
D:9:      layout_irregular_city, gammafunk_temple_overflow_statue, david_orc_3
D:10:     layout_gridville, uniq_harold
D:11:     minmay_angry_zag, layout_basic
D:12:     kennysheep_demon_hangout, layout_long_grid, minmay_unpleasant_kobolds
D:13:     layout_basic, gauntlet_entry_generic
Temple:   compressed_dpeg_triangle_lava_temple
Gauntlet: gammafunk_gauntlet_shortcut [nicolae_gauntlet_arena_blocks,
          gammafunk_gauntlet_arena_arrow_garden,
          minmay_gauntlet_arena_make_your_own_arena,
          gammafunk_gauntlet_arena_grid, gammafunk_gauntlet_arena_crates,
          gammafunk_gauntlet_arena_spirals, gauntlet_exit_green]

Skill      XL: |  1  2  3  4  5  6  7  8  9 10 11 12 13 |
---------------+----------------------------------------+-----
Spellcasting   | 5 6 7 8 9 |  9.4
Invocations    | 1 2 3 4 5 6 7 8 |  8.7
Fighting       | 1 2 3 4 5 6 7 |  7.9
Short Blades   | 1 2 3 4 5 6 7 |  7.9
Long Blades    | 1 2 3 4 5 6 7 |  7.9
Axes           | 1 2 3 4 5 6 7 |  7.9
Maces & Flails | 1 2 3 4 5 6 7 |  7.9
Polearms       | 1 2 3 4 5 6 7 |  7.9
Staves         | 1 2 3 4 5 6 7 |  7.9
Slings         | 1 2 3 4 5 6 7 |  7.9
Bows           | 1 2 3 4 5 6 7 |  7.9
Crossbows      | 1 2 3 4 5 6 7 |  7.9
Throwing       | 1 2 3 4 5 6 7 |  7.9
Armour         | 1 2 3 4 5 6 7 |  7.9
Shields        | 1 2 3 4 5 6 7 |  7.9
Unarmed Combat | 1 2 3 4 5 6 7 |  7.9
Evocations     | 1 2 3 4 5 6 7 |  7.9
Conjurations   | 1 2 3 4 5 6 |  6.6
Hexes          | 1 2 3 4 5 6 |  6.6
Summonings     | 1 2 3 4 5 6 |  6.6
Necromancy     | 1 2 3 4 5 6 |  6.6
Translocations | 1 2 3 4 5 6 |  6.6
Transmutations | 1 2 3 4 5 6 |  6.6
Fire Magic     | 1 2 3 4 5 6 |  6.6
Air Magic      | 1 2 3 4 5 6 |  6.6
Earth Magic    | 1 2 3 4 5 6 |  6.6
Poison Magic   | 1 2 3 4 5 6 |  6.6
Dodging        | 5 6 7 8 9 |  9.2
Stealth        | 5 6 7 8 9 |  9.0
Ice Magic      | 8 9 |  9.7

Action                   |  1- 3 |  4- 6 |  7- 9 | 10-12 | 13-15 || total
-------------------------+-------+-------+-------+-------+-------++-------
Melee: Unarmed           |    21 |       |       |       |       ||    21
       Hand axe          |    42 |       |       |       |       ||    42
       Bite              |    14 |    18 |    12 |    41 |     5 ||    90
       Short sword       |    35 |   183 |     8 |       |       ||   226
       Great sword       |       |       |   139 |    48 |       ||   187
       Quarterstaff      |       |       |       |   330 |    36 ||   366
 Cast: Freeze            |    12 |     9 |     2 |       |       ||    23
       Frozen Ramparts   |     2 |     4 |    12 |    30 |     1 ||    49
       Ozocubu's Armour  |       |     1 |       |     2 |       ||     3
       Hailstorm         |       |       |     5 |    22 |       ||    27
       Summon Ice Beast  |       |       |       |    11 |       ||    11
  Use: Potion            |     2 |     4 |       |     1 |     1 ||     8
       Scroll            |       |       |     5 |     3 |       ||     8
 Stab: Sleeping          |     6 |    10 |    11 |    21 |       ||    48
       Distracted        |       |       |     2 |     4 |       ||     6
Armor: Robe              |    16 |    45 |    30 |       |       ||    91
       Steam dragon scal |       |       |    19 |   137 |     7 ||   163
Dodge: Dodged            |    83 |   135 |   152 |   406 |    19 ||   795
       Rpst.: Great sword |       |       |    46 |    24 |       ||    70

Table legend: (Time is in decaauts)
 A = Elapsed time spent in this place.
 B = Non-inter-level travel time spent in this place.
 C = Inter-level travel time spent in this place.
 D = Time resting spent in this place.
 E = Time spent auto-exploring this place.
 F = Levels seen in this place.
 G = Mean time per level.
                   A        B        C        D        E       F      G
               +--------+--------+--------+--------+--------+-----+--------+
         Total |  15751 |  15296 |    455 |   1225 |  11374 |  15 | 1050.1 |
       Dungeon |  14722 |  14275 |    447 |    945 |  10851 |  13 | 1132.5 |
        Temple |     14 |      7 |      7 |      0 |      0 |   1 |   14.0 |
      Gauntlet |   1013 |   1013 |      0 |    280 |    523 |   1 | 1013.0 |
               +--------+--------+--------+--------+--------+-----+--------+

Top non-repeatable levels by time:
     D:6: 1656 daAuts
     D:5: 1537 daAuts
     D:1: 1476 daAuts
    D:11: 1292 daAuts
    D:10: 1262 daAuts
     D:2: 1210 daAuts
    D:12: 1183 daAuts
     D:4: 1130 daAuts
     D:7: 1127 daAuts
     D:8: 1035 daAuts
Gauntlet: 1013 daAuts
     D:9: 851 daAuts
     D:3: 773 daAuts
    D:13: 185 daAuts
  Temple: 14 daAuts
